 Dungeon Crawl Stone Soup version 0.28.0-1-gb440e238dd (webtiles) character file.

Game seed: 726412844945561753

121 Kniotic the Insei (level 4, -1/35 HPs)
             Began as a Demonspawn Monk on Feb 21, 2022.
             Slain by a jackal (3 damage)
             ... in a sewer.
             The game lasted 00:04:21 (2711 turns).

Kniotic the Insei (Demonspawn Monk)                 Turns: 2711, Time: 00:04:22

Health: -1/35      AC:  3    Str: 11    XL:     4   Next: 76%
Magic:  4/4        EV: 13    Int: 11    God:
Gold:   91         SH:  0    Dex: 18    Spells: 3/3 levels left

rFire   . . .      SeeInvis .     - Unarmed
rCold   . . .      Faith    .   (no shield)
rNeg    . . .      Spirit   .   g - +0 leather armour
rPois   .          Reflect  .   (no helmet)
rElec   .          Harm     .   (no cloak)
rCorr   .          Rampage  .   (no gloves)
Will    .....                   (no boots)
Stlth   ++........              (no amulet)
HPRegen 0.11/turn               (no ring)
MPRegen 0.09/turn               (no ring)

@: no status effects
A: sturdy frame 2
a: no special abilities


You were in a sewer.
You visited 1 branch of the dungeon, and saw 3 of its levels.
You also visited: Sewer.

You collected 91 gold pieces.

Inventory:

Hand Weapons
 l - a +1 dagger of venom
Armour
 g - a +0 leather armour (worn)
Wands
 i - a wand of acid (5)
 m - a wand of iceblast (13)
Scrolls
 c - a scroll of teleportation {unknown}
 d - 2 scrolls of identify {unknown}
 f - a scroll of enchant armour {unknown}
 h - a scroll of noise {unknown}
Potions
 a - a potion of berserk rage {unknown}
 e - a potion of resistance {unknown}
 k - a potion of degeneration {unknown}


   Skills:
 - Level 3.0 Fighting
 - Level 2.6 Dodging
 - Level 1.7 Stealth
 + Level 5.1 Unarmed Combat


You had 3 spell levels left.
You didn't know any spells.
Your spell library contained the following spells:

 Spells                   Type           Power      Damage    Failure   Level
 Stone Arrow              Conj/Erth      0%         3d7       71%         3
 Animate Armour           Summ/Erth      0%         N/A       98%         4
 Lehudib's Crystal Spear  Conj/Erth      0%         10d2      100%        8


Dungeon Overview and Level Annotations

Branches:
Dungeon (3/15)              Sewer (1/1)

Altars:
Dithmenos
Gozag
Okawaru
Zin


Innate Abilities, Weirdness & Mutations

Your movements are less encumbered by armour. (ER -4)


Message History

You feel better.
The jackal splashes around in the water.
The kobold brigand hits you but does no damage.
You feel better. The jackal misses you.
The kobold brigand splashes around in the water.
The jackal splashes around in the water.
The kobold brigand closely misses you.
You closely miss the kobold brigand.
The kobold brigand is severely wounded.
The jackal bites you but does no damage.
The kobold brigand misses you.
You closely miss the kobold brigand.
The kobold brigand is severely wounded.
The jackal closely misses you.
The kobold brigand hits you with a +0 dagger of speed!
You barely miss the kobold brigand.
The kobold brigand is severely wounded.
The jackal misses you.
The kobold brigand splashes around in the water.
The rat twitches its whiskers.
The kobold brigand hits you with a +0 dagger of speed!
* * * LOW HITPOINT WARNING * * *
The jackal bites you but does no damage.
You hit the kobold brigand.
The kobold brigand is severely wounded.
The kobold brigand hits you with a +0 dagger of speed.
* * * LOW HITPOINT WARNING * * *
The jackal bites you but does no damage.
You hit the kobold brigand.
The kobold brigand is almost dead.
The kobold brigand closely misses you.
The jackal splashes around in the water.
The kobold brigand closely misses you.
You hit the kobold brigand but do no damage.
The kobold brigand is almost dead.
The jackal misses you. The kobold brigand barely misses you.
You hit the kobold brigand but do no damage.
The kobold brigand is almost dead.
The jackal bites you.
You die...

##..≈≈#≈#.≈≈.#≈#....≈.≈
#.≈≈..#≈#.≈...≈..≈≈.≈≈.
#P.≈.≈#≈#.≈.P..≈≈..≈.P.
#.....#≈#.≈.PP≈.≈≈.....
##P...#≈#≈.#≈#≈≈.≈..≈P≈
#..#########≈#≈.≈≈≈≈.P.
#.≈≈≈†≈≈≈≈≈#≈#r≈≈≈≈.P..
##≈#########K#hK≈≈≈..≈≈
### .≈#@..≈P≈≈≈≈
#≈#.≈...P### #..≈≈..≈≈
#.≈≈≈.P### #≈≈..≈≈≈≈
≈.≈..≈.≈≈ ###PP≈≈..
P..≈≈≈


You could see a kobold brigand, a jackal and a rat.

Vanquished Creatures
  6 adders
  A river rat (Sewer)
  A dart slug (D:2)
  2 worms
  An orc (D:3)
  2 ball pythons
  6 bats
  3 endoplasms
  2 giant cockroaches (D:3)
  5 goblins
  4 hobgoblins
  3 jackals
  A quokka (D:2)
  3 frilled lizards
  7 kobolds
  5 rats
52 creatures vanquished.

Vanquished Creatures (others)
  4 plants
4 creatures vanquished.

Grand Total: 56 creatures vanquished

Notes
Turn   | Place    | Note
-------+----------+-------------------------------------------
     0 | D:1      | Kniotic the Demonspawn Monk began the quest for the Orb.
     0 | D:1      | Reached XP level 1. HP: 18/18 MP: 1/1
   299 | D:1      | Reached skill level 3 in Unarmed Combat
   423 | D:1      | Gained mutation: Your movements are slightly less
                  | encumbered by armour. (ER -2) [demonic ancestry]
   423 | D:1      | Reached XP level 2. HP: 21/24 MP: 2/2
   528 | D:1      | Found a faded altar of an unknown god.
  1109 | D:2      | Gained mutation: Your movements are less encumbered by
                  | armour. (ER -4) [demonic ancestry]
  1109 | D:2      | Reached XP level 3. HP: 22/29 MP: 3/3
  1393 | D:2      | Reached skill level 4 in Unarmed Combat
  2176 | D:3      | Found an iron altar of Okawaru.
  2181 | D:3      | Found an opulent altar of Gozag.
  2190 | D:3      | Found a shadowy altar of Dithmenos.
  2245 | D:3      | Found a glowing drain.
  2256 | D:3      | Reached XP level 4. HP: 8/35 MP: 4/4
  2329 | Sewer    | Entered a sewer
  2651 | Sewer    | Reached skill level 5 in Unarmed Combat
  2666 | Sewer    | Noticed a kobold brigand
  2711 | Sewer    | Slain by a jackal

Illustrated notes

Levels and vault maps discovered:
D:1:      wander_arrival_fairy_ring, layout_rooms,
          shapermc_ecumenical_altar_acropolis
D:2:      minmay_wonky_spiral, layout_basic, minivault_5
D:3:      layout_loops_ring, grunt_temple_overflow_open, gup_sewer_entry_glass,
          uniq_jessica
Sewer:    sewer_co_scattered_pipes

Skill      XL: |  1  2  3  4 |
---------------+-------------+-----
Unarmed Combat | 3 4 5 |  5.1
Fighting       | |  3.0
Dodging        | |  2.6
Stealth        | |  1.7

Action                   |  1- 3 |  4- 6 || total
-------------------------+-------+-------++-------
Melee: Unarmed           |   144 |    72 ||   216
       Punch             |     5 |     4 ||     9
  Use: Potion            |     2 |     8 ||    10
 Stab: Sleeping          |     4 |       ||     4
Armor: Robe              |    16 |       ||    16
       Leather armour    |     6 |    15 ||    21
Dodge: Dodged            |   101 |    65 ||   166
